 Dungeon Crawl Stone Soup version 0.24-a0-462-ge24419a6ad (webtiles) character file.

Game seed: 7951980383249916789

115 Mrkan the Chucker (level 4, -9/41 HPs)
             Began as a Troll Hunter on July 2, 2019.
             Killed by nerve-wracking pain
             ... invoked by an orc priest
              (11 damage)
             ... on level 3 of the Dungeon.
             The game lasted 00:03:30 (1184 turns).

Mrkan the Chucker (Troll Hunter)                    Turns: 1184, Time: 00:03:30

Health: -9/41      AC:  6    Str: 20    XL:     4   Next: 68%
Magic:  3/3        EV: 10    Int:  8    God:
Gold:   127        SH:  0    Dex: 10    Spells: 3/3 levels left

rFire    + . .     SeeInvis .     - Unarmed
rCold    + . .     Gourm    +   (no shield)
rNeg     . . .     Faith    .   b - +0 robe
rPois    .         Spirit   .   (helmet restricted)
rElec    .         Reflect  .   m - scarf {rC+ rF+}
rCorr    .         Harm     .   (gloves unavailable)
MR       .....                  (boots unavailable)
Stlth    +.........             (no amulet)
HPRegen  0.53/turn              (no ring)
MPRegen  0.08/turn              (no ring)

@: no status effects
A: large, unfitting armour, claws 3, fast metabolism 3, gourmand, regeneration
1, shaggy fur 1, tough skin 3
a: no special abilities


You were on level 3 of the Dungeon.
You were very full.

You visited 1 branch of the dungeon, and saw 3 of its levels.

You collected 127 gold pieces.

Inventory:

Missiles
 c - 5 large rocks (quivered)
 d - 2 throwing nets
 k - 85 stones
Armour
 b - a +0 robe (worn)
 m - a scarf of resistance (worn)
Jewellery
 j - an uncursed ring of stealth {unknown}
 o - an uncursed ring of poison resistance {unknown}
Wands
 n - a wand of polymorph (8)
Scrolls
 a - a scroll of noise {unknown}
 e - 2 scrolls of teleportation {unknown}
 g - 3 scrolls of identify {unknown}
 i - a scroll of immolation {unknown}
 q - 3 scrolls of enchant armour {unknown}
Potions
 h - a potion of degeneration {unknown}
 p - a potion of flight {unknown}
Comestibles
 f - 7 rations


   Skills:
 - Level 1.5 Fighting
 + Level 4.3 Throwing
 - Level 1.5 Dodging
 - Level 0.3 Stealth
 * Level 3.5 Unarmed Combat


You had 3 spell levels left.
You didn't know any spells.
Your spell library was empty.

Dungeon Overview and Level Annotations

Branches:
Dungeon (3/15)

Altars:

Annotations:
D:3 Purgy


Innate Abilities, Weirdness & Mutations

You are too large for most types of armour.
You have claws for hands.
Your metabolism is lightning-fast.
You like to eat raw meat.
Your natural rate of healing is unusually fast.
You are covered in fur. (AC +1)
You have extremely tough skin. (AC +3)


Message History

You closely miss Purgy.
Purgy is heavily wounded.
Purgy bites you! Purgy claws you. Purgy claws you but does no damage.
The giant cockroach barely misses you.
You scratch Purgy.
Purgy is severely wounded.
Purgy bites you. Purgy claws you. Purgy claws you but does no damage.
The orc priest mumbles some strange prayers to Beogh against you.
Pain shoots through your body!
* * * LOW HITPOINT WARNING * * *
The giant cockroach misses you.
You scratch the orc priest.
The orc priest is heavily wounded.
Purgy bites you.
* * * LOW HITPOINT WARNING * * *
Purgy claws you but does no damage. x2
The giant cockroach bites you but does no damage.
The orc priest invokes the aid of Beogh against you.
Pain shoots through your body!
You die...

.# (###.###
......# ###
....#.# ....
###....$#
.....#<....#
#)....$.....######
.......)..T......#
..$......o@o.....(
#.....#...so.####.
#...).##.....#
#..... #.$...#
#####. #.[...#
.<....# ##.....#
#.....#


You could see Purgy, an orc priest, 2 orcs and a giant cockroach.

Vanquished Creatures
  Robin (D:2)
  4 adders (D:2)
  A worm (D:2)
  4 dart slugs
  A leopard gecko (D:1)
  4 bats (D:1)
  5 hobgoblins
  6 jackals
  5 kobolds
  5 frilled lizards
  13 goblins
  6 rats
55 creatures vanquished.

Vanquished Creatures (others)
  A goblin (D:2)
1 creature vanquished.

Grand Total: 56 creatures vanquished

Notes
Turn   | Place    | Note
-------+----------+-------------------------------------------
     0 | D:1      | Mrkan the Troll Hunter began the quest for the Orb.
     0 | D:1      | Reached XP level 1. HP: 19/19 MP: 0/0
    84 | D:1      | Reached skill level 1 in Unarmed Combat
    87 | D:1      | Reached XP level 2. HP: 27/27 MP: 1/1
   462 | D:1      | Reached XP level 3. HP: 31/33 MP: 2/2
   475 | D:1      | Reached skill level 4 in Throwing
   721 | D:2      | Noticed Robin
   738 | D:2      | Killed Robin
   740 | D:2      | Reached XP level 4. HP: 9/41 MP: 3/3
  1175 | D:3      | Noticed Purgy
  1184 | D:3      | HP: 2/41 [Purgy (4)]
  1184 | D:3      | Killed from afar by an orc priest

Levels and vault maps discovered:
D:1:      eino_arrival_water_star, layout_basic, minmay_tetromino_i2
D:2:      layout_rooms, serial_curves, eino_curves_02, eino_curves_02,
          uniq_robin
D:3:      layout_basic, fedhas_altar_1, uniq_purgy

Skill      XL: |  1  2  3  4 |
---------------+-------------+-----
Unarmed Combat | 1 2 3 |  3.5
Throwing       | 4 |  4.3
Fighting       | |  1.5
Dodging        | |  1.5
Stealth        | |  0.3

Action                   |  1- 3 |  4- 6 || total
-------------------------+-------+-------++-------
Melee: Unarmed           |   100 |    40 ||   140
       Punch             |     1 |       ||     1
  Eat: Chunk             |    11 |     5 ||    16
Armor: Robe              |    49 |    22 ||    71
Dodge: Dodged            |    73 |    28 ||   101

Table legend:
 A = Non-vault XP
 B = Vault XP
 C = Vault XP percentage of total XP
 D = Non-vault monster count
 E = Vault monster count
 F = Vault count percentage of total count
                 A         B        C        D         E       F
            +---------+---------+-------+---------+---------+-------
      Total |     125 |      40 |  24.2 |      41 |      14 |  25.5
            +---------+---------+-------+---------+---------+-------
        D:1 |      50 |       2 |   3.8 |      26 |       2 |   7.1
        D:2 |      75 |      38 |  33.6 |      15 |      12 |  44.4
            +---------+---------+-------+---------+---------+-------
